 Dungeon Crawl Stone Soup version 0.25-a0-185-g6cfeca75b2 (webtiles) character file.

Game seed: 4964294591402262299, levelgen mode: deterministic

52698 vurker the Stormcaller (level 14, -2/86 HPs)
             Began as a Tengu Air Elementalist on Nov 27, 2019.
             Was a High Priest of Vehumet.
             Slain by Rupert
             ... wielding a +2 great sword of holy wrath
              (7 damage)
             ... while paralysed by Rupert
             ... on level 2 of the Orcish Mines.
             The game lasted 00:49:09 (31091 turns).

vurker the Stormcaller (Tengu Air Elementalist)    Turns: 31091, Time: 00:49:09

Health: -2/86      AC: 10    Str:  8    XL:     14   Next: 65%
Magic:  39/54      EV:  2    Int: 21    God:    Vehumet [*****.]
Gold:   2342       SH:  0    Dex: 15    Spells: 9/36 levels left

rFire    . . .     SeeInvis .   a - staff of power
rCold    . . .     Gourm    .   H - +0 buckler
rNeg     . . .     Faith    .   v - +1 leather armour {rPois}
rPois    +         Spirit   .   D - +1 hat
rElec    .         Reflect  +   N - +1 cloak
rCorr    .         Harm     .   O - +2 pair of gloves
MR       ++...                  (boots unavailable)
Stlth    ++........             g - +4 amulet of reflection
HPRegen  0.24/turn              K - ring of protection from magic
MPRegen  0.34/turn              w - ring of magical power

@: paralysed, flying quickly and evasively, quick
A: beak, talons 3, able to fly
a: Stop Flying, Renounce Religion


You were on level 2 of the Orcish Mines.
You worshipped Vehumet.
Vehumet was extremely pleased with you.
You were not hungry.

You visited 4 branches of the dungeon, and saw 22 of its levels.

You collected 2342 gold pieces.

Inventory:

Hand Weapons
 b - the +3 flail of a ziggurat {protect, rF+ MR+ Str+3}
   (You found it on level 4 of the Dungeon)

   It grants its wielder temporary protection when it strikes (+7 to AC).
   It affects your strength (+3).
   It protects you from fire.
   It affects your resistance to hostile enchantments.
Missiles
 o - 4 throwing nets (quivered)
Armour
 f - a +2 leather armour of magic resistance
   (You found it on level 2 of the Dungeon)
 v - a +1 leather armour of poison resistance (worn)
   (You found it on level 5 of the Dungeon)
 D - a +1 hat (worn)
   (You found it on level 5 of the Lair of Beasts)
 G - the +1 ring mail of Roilozxah {-Tele rElec rPois Dex+5}
   (You found it on level 8 of the Dungeon)

   It affects your dexterity (+5).
   It insulates you from electricity.
   It protects you from poison.
   It prevents most forms of teleportation.
 H - a +0 buckler (worn)
   (You found it on level 2 of the Dungeon)
 N - a +1 cloak (worn)
   (You found it on level 11 of the Dungeon)
 O - a +2 pair of gloves (worn)
   (You found it on level 10 of the Dungeon)
 P - the +1 robe of Gunopun {Int+6}
   (You found it on level 10 of the Dungeon)

   It affects your intelligence (+6).
Magical Staves
 a - an uncursed staff of power (weapon)
   (You found it on level 8 of the Dungeon)
Jewellery
 g - a +4 amulet of reflection (around neck)
   (You found it on level 2 of the Dungeon)
 w - a ring of magical power (right hand)
   (You found it on level 6 of the Dungeon)
 J - an uncursed ring of see invisible
   (You found it on level 3 of the Lair of Beasts)
 K - a ring of protection from magic (left hand)
   (You found it on level 5 of the Dungeon)
 V - an uncursed amulet of harm {unknown}
   (You found it on level 6 of the Lair of Beasts)
Wands
 d - a wand of iceblast (16)
   (You found it on level 9 of the Dungeon)
 t - a wand of flame (19)
   (You took it off Psyche on level 10 of the Dungeon)
 u - a wand of paralysis (10)
   (You found it on level 3 of the Dungeon)
 x - a wand of acid (9)
   (You found it on level 6 of the Lair of Beasts)
 F - a wand of clouds (3)
   (You found it on level 8 of the Dungeon)
 M - a wand of polymorph (11)
   (You found it on level 11 of the Dungeon)
Scrolls
 c - 11 scrolls of teleportation
 i - 3 scrolls of enchant weapon
 l - a scroll of blinking {unknown}
 m - 4 scrolls of remove curse
 n - 5 scrolls of amnesia {unknown}
 q - 5 scrolls of enchant armour {unknown}
 s - 3 scrolls of fog {unknown}
 y - a scroll of noise {unknown}
 A - 3 scrolls of fear {unknown}
 C - 2 scrolls of brand weapon {unknown}
 E - a scroll of random uselessness {unknown}
 L - 2 scrolls of immolation {unknown}
 R - a scroll of torment {unknown}
 S - a scroll of silence {unknown}
Potions
 h - 7 potions of heal wounds
 j - 4 potions of invisibility
 k - 3 potions of brilliance
 p - 7 potions of curing
 r - 2 potions of resistance
 z - a potion of ambrosia
 B - 3 potions of haste
 I - a potion of lignification
 U - 2 potions of mutation
Comestibles
 e - 35 rations


   Skills:
 + Level 9.2 Fighting
 + Level 6.7 Dodging
 - Level 2.0 Stealth
 - Level 4.0 Shields
 * Level 11.9 Spellcasting
 * Level 15.8 Conjurations
 * Level 16.2 Air Magic
 + Level 3.8 Poison Magic


You had 9 spell levels left.
You knew the following spells:

 Your Spells              Type           Power        Failure   Level  Hunger
a - Shock                 Conj/Air       ####         0%          1    None
b - Lightning Bolt        Conj/Air       ######....   1%          5    ####...
c - Airstrike             Air            ######....   1%          4    None
d - Olgreb's Toxic Radia  Pois           ####....     4%          4    None
e - Orb of Destruction    Conj           ######....   2%          7    #######
x - Conjure Ball Lightni  Conj/Air       ######....   1%          6    #####..

Your spell library contained the following spells:

 Spells                   Type           Power        Failure   Level  Hunger
 Freezing Cloud           Conj/Ice/Air   ######....   4%          6    #####..
 Swiftness                Chrm/Air       #####...     1%          2    None
 Static Discharge         Conj/Air       ######..     1%          3    None
 Stone Arrow              Conj/Erth      #####.       1%          3    None
 Sandblast                Erth           ##....       2%          1    None
 Summon Lightning Spire   Summ/Air       #####...     2%          4    None
 Beastly Appendage        Tmut           ##....       8%          1    None
 Silence                  Hex/Air        #####.....   8%          5    ####...
 Spider Form              Tmut/Pois      ###.......   11%         3    None
 Passwall                 Tmut/Erth      ##......     12%         2    None
 Sticks to Snakes         Tmut           ##......     12%         2    None
 Deflect Missiles         Chrm/Air       #####.....   38%         6    #####..
 Lee's Rapid Deconstruct  Erth           ##........   45%         5    ####...
 Ice Form                 Ice/Tmut       ##......     61%         4    None
 Petrify                  Tmut/Erth      ##......     61%         4    None
 Tornado                  Air            ######....   90%         9    #######
 Blade Hands              Tmut           ##........   91%         5    ####...


Dungeon Overview and Level Annotations

Branches:
Dungeon (13/15)            Temple (1/1) D:5            Lair (6/6) D:8
 Shoals (0/4) Lair:2       Spider (0/4) Lair:3        Slime (0/5) Lair:5
    Orc (2/2) D:11            Elf (0/3) Orc:2
 Vaults: D:13-14

Altars:
Cheibriados
Dithmenos
Elyvilon
Fedhas
Gozag
Hepliaklqana
Kikubaaqudgha
Nemelex Xobeh
Qazlal
Ru
Sif Muna
Vehumet
Wu Jian
Xom
Yredelemnul
Zin
Beogh

Shops:
D:11 }

Annotations:
D:7 3 runed translucent doors, bmj180's ghost, novice HOFi
D:11 3 runed translucent doors, KennyOmg's ghost, journeyman MiFi; Tux's ghost, journeyman GrVM
Lair:3 exclusion: oklob plant
Orc:2 1 exclusion, Rupert


Innate Abilities, Weirdness & Mutations

You have a beak for a mouth.
You have claws for feet.
You can fly continuously.


Message History

All of the chunks of flesh in your inventory have rotted away.
Done exploring.
Done exploring.
There is a stone staircase leading down, spattered with blood here.
You fly downwards.
Level annotation: 1 exclusion
There is a stone staircase leading up here.
Items here: ))) [ a +0 club; a +0 leather armour; a cursed -2 club; a +0 mace
Things that are here:
a +0 leather armour; a +0 whip Rupert the Wild comes into view.
He is wielding a +2 great sword of holy wrath.
Found 21 gold pieces.
Rupert shouts!
Rupert yells loudly at you.
You easily resist.
You create some ball lightning! 3 ball lightnings come into view.
Your ball lightning explodes!
The blast of lightning engulfs Rupert!!
The blast of lightning engulfs your ball lightning.
Your ball lightning completely resists.
The blast of lightning engulfs your ball lightning.
Your ball lightning completely resists.
The blast of lightning engulfs you!!
Your ball lightning explodes!
The blast of lightning engulfs your ball lightning.
Your ball lightning completely resists.
The blast of lightning engulfs Rupert!!
Your ball lightning explodes!
The blast of lightning engulfs Rupert!!
Aim: Rupert, wielding a +2 great sword of holy wrath and wearing a +0 leather armour (severely wounded)
The air twists around and strikes Rupert!
Aim: Rupert, wielding a +2 great sword of holy wrath and wearing a +0 leather armour (severely wounded)
The air twists around and strikes Rupert!
Rupert drinks a potion.
Rupert is healed!
Aim: Rupert, wielding a +2 great sword of holy wrath and wearing a +0 leather armour (almost dead)
The air twists around and strikes Rupert!
Rupert roars wildly at you.
You suddenly lose the ability to move!
Rupert roars madly and goes into a rage!
Rupert goes berserk!
Rupert hits you with a +2 great sword of holy wrath!!
* * * LOW HITPOINT WARNING * * *
Rupert hits you with a +2 great sword of holy wrath!
* * * LOW HITPOINT WARNING * * *
Rupert hits you with a +2 great sword of holy wrath!
* * * LOW HITPOINT WARNING * * *
Rupert hits you with a +2 great sword of holy wrath!
You die...

.. ##...)......#...# ##.#
### ##.......#.......
#..$##.###....#..##.......
#...#....##.......##.#....
##.#..........#...###.....
#.........#.......##......
##.........#.....####.....
#................#.......#
#.......@@................
#....................#.#.#
##..................######
##..#.....#.....#.##
##################


You could see Rupert (berserk).

Vanquished Creatures
  Erolcha (Orc:1)
  Harold (D:8)
  Erica (Lair:2)
  A hydra (Lair:6)
  4 two-headed ogres
  5 death yaks
  An orc high priest (Orc:1)
  An unseen horror (D:10)
  Pikel (D:8)
  2 wolf spiders (Lair:6)
  A lindwurm (Lair:6)
  A manticore (Lair:2)
  2 orc sorcerers
  A cyclops (D:8)
  2 ugly things
  A guardian serpent (Lair:6)
  Psyche (D:10)
  15 black mambas
  A gargoyle (D:11)
  19 spiny frogs
  9 komodo dragons
  3 rime drakes
  7 trolls
  A queen bee (D:9)
  A polar bear (Lair:5)
  2 hornets (Lair:6)
  12 blink frogs
  8 hippogriffs
  2 shadows
  22 yaks
  Eustachio (D:6)
  3 hungry ghosts
  2 basilisks (Lair:2)
  13 wyverns
  2 steam dragons
  2 vampire mosquitoes (D:8)
  A warg (Orc:1)
  17 water moccasins
  5 porcupines
  16 orc warriors
  2 black bears
  5 phantoms
  4 sky beasts
  2 ice beasts
  A wolf (D:7)
  9 ogres
  A necrophage (D:11)
  3 eyes of draining
  2 centaurs
  10 crocodiles
  2 big kobolds
  14 bullfrogs
  A water moccasin zombie (D:11)
  2 scorpions
  A troll zombie (D:11)
  23 killer bees
  3 howler monkeys
  2 electric eels (D:8)
  4 crimson imps
  3 centaur zombies
  2 quasits
  11 orc priests
  8 hounds
  16 jellies
  4 bullfrog skeletons
  Terence (D:3)
  4 iguanas
  16 orc wizards
  7 worker ants
  7 ogre zombies (D:11)
  3 hound skeletons
  Robin (D:2)
  8 gnolls (D:3)
  16 adders
  2 howler monkey skeletons
  3 shadow imps
  5 oozes
  An adder zombie (D:7)
  An adder skeleton (D:4)
  2 worms
  2 dart slugs
  7 leopard geckos
  50 orcs
  3 giant cockroaches
  16 goblins
  13 hobgoblins
  10 jackals
  3 quokkas
  6 bats
  6 frilled lizards
  3 goblin skeletons (D:11)
  5 goblin zombies (D:11)
  A hobgoblin skeleton (D:11)
  A hobgoblin zombie (D:11)
  17 kobolds
  3 orc skeletons (D:11)
  12 orc zombies (D:11)
  A quokka skeleton (D:4)
  11 rats
573 creatures vanquished.

Vanquished Creatures (others)
  4 ball lightnings
  11 fungi
  18 plants
  6 withered plants (D:11)
39 creatures vanquished.

Grand Total: 612 creatures vanquished

Notes
Turn   | Place    | Note
-------+----------+-------------------------------------------
     0 | D:1      | vurker the Tengu Air Elementalist began the quest for the
                  | Orb.
     0 | D:1      | Reached XP level 1. HP: 10/10 MP: 4/4
   231 | D:1      | Reached XP level 2. HP: 16/16 MP: 0/6
  1003 | D:1      | Reached XP level 3. HP: 20/20 MP: 5/7
  1455 | D:2      | HP: 1/20 [poisoned by an adder]
  1460 | D:2      | Reached skill level 1 in Fighting
  1949 | D:2      | Reached XP level 4. HP: 25/25 MP: 4/8
  1978 | D:2      | Noticed Robin
  2014 | D:2      | HP: 1/25 [goblin/+0 dagger[Robin] (4)]
  2016 | D:2      | Reached skill level 5 in Air Magic
  2017 | D:2      | Killed Robin
  3306 | D:2      | Gained mutation: You can fly continuously. [Tengu growth]
  3306 | D:2      | Reached XP level 5. HP: 29/29 MP: 8/10
  3554 | D:3      | Noticed Terence
  3802 | D:3      | Killed Terence
  4093 | D:3      | Reached XP level 6. HP: 27/35 MP: 5/12
  4167 | D:3      | Learned a level 5 spell: Lightning Bolt
  4172 | D:3      | Learned a level 4 spell: Airstrike
  4644 | D:3      | Found a shimmering altar of Xom.
  5251 | D:4      | Found an ornate altar of the Wu Jian Council.
  5327 | D:4      | Reached skill level 1 in Shields
  5327 | D:4      | Reached skill level 6 in Air Magic
  5939 | D:4      | Got a twisted flail
  5940 | D:4      | Identified the +3 flail of a ziggurat {protect, rF+ MR+
                  | Str+3} (You found it on level 4 of the Dungeon)
  5982 | D:4      | Reached XP level 7. HP: 39/40 MP: 12/14
  6331 | D:4      | Reached skill level 5 in Conjurations
  6702 | D:5      | Entered Level 5 of the Dungeon
  6968 | D:5      | Reached skill level 7 in Air Magic
  7080 | D:5      | Found a blossoming altar of Fedhas.
  7121 | D:5      | Found an opulent altar of Gozag.
  7201 | D:5      | Reached XP level 8. HP: 45/45 MP: 9/15
  7290 | D:5      | Found a staircase to the Ecumenical Temple.
  7299 | Temple   | Entered the Ecumenical Temple
  7314 | Temple   | Became a worshipper of Vehumet
  7722 | D:6      | Found a hazy altar of Hepliaklqana.
  7767 | D:6      | Reached skill level 5 in Spellcasting
  7900 | D:6      | Noticed Eustachio
  7911 | D:6      | Killed Eustachio
  7911 | D:6      | Reached skill level 8 in Air Magic
  8695 | D:7      | Noticed a hippogriff
  8877 | D:7      | Reached XP level 9. HP: 44/52 MP: 11/18
  9261 | D:7      | Found a runed translucent gate.
  9261 | D:7      | Found a runed translucent gate.
  9261 | D:7      | Found a runed translucent gate.
  9264 | D:7      | Noticed bmj180's ghost (novice HOFi)
  9428 | D:7      | Reached skill level 9 in Air Magic
  9516 | D:7      | Reached * piety under Vehumet
  9516 | D:7      | Offered knowledge of Flame Tongue by Vehumet.
  9709 | D:7      | Found a snail-covered altar of Cheibriados.
  9711 | D:7      | Found a shimmering altar of Xom.
  9711 | D:7      | Found a basalt altar of Yredelemnul.
  9711 | D:7      | Found a shimmering blue altar of Sif Muna.
  9933 | D:7      | Found a white marble altar of Elyvilon.
 10063 | D:8      | Noticed a troll
 10073 | D:8      | Killed a troll
 10528 | D:8      | Reached skill level 10 in Air Magic
 10528 | D:8      | Reached XP level 10. HP: 58/58 MP: 7/21
 10731 | D:8      | Offered knowledge of Sting by Vehumet.
 10735 | D:8      | Reached ** piety under Vehumet
 10740 | D:8      | Noticed Harold
 10867 | D:8      | Noticed a two-headed ogre
 10893 | D:8      | Found a staircase to the Lair.
 10909 | D:8      | Killed a two-headed ogre
 10909 | D:8      | Reached skill level 5 in Fighting
 11190 | D:8      | Killed Harold
 11190 | D:8      | Reached skill level 10 in Conjurations
 11478 | D:8      | Found a shadowy altar of Dithmenos.
 11488 | D:8      | Reached skill level 11 in Air Magic
 11698 | D:8      | Found a stormy altar of Qazlal.
 11758 | D:8      | Noticed Pikel
 11762 | D:8      | Killed Pikel
 12403 | D:8      | Reached XP level 11. HP: 60/64 MP: 18/24
 12476 | D:8      | Noticed a cyclops
 12488 | D:8      | Killed a cyclops
 12869 | D:8      | Got a scorched ring mail
 12937 | D:8      | Identified the +1 ring mail of Roilozxah {-Tele rElec rPois
                  | Dex+5} (You found it on level 8 of the Dungeon)
 13411 | D:9      | Reached skill level 12 in Air Magic
 13413 | D:9      | Offered knowledge of Mephitic Cloud by Vehumet.
 13958 | D:9      | Noticed a two-headed ogre
 13994 | D:9      | Killed a two-headed ogre
 14106 | D:9      | Noticed a two-headed ogre
 14113 | D:9      | Killed a two-headed ogre
 14332 | D:9      | Reached *** piety under Vehumet
 14572 | D:10     | Entered Level 10 of the Dungeon
 14751 | D:10     | Noticed Psyche
 14755 | D:10     | Killed Psyche
 15003 | D:10     | You are sucked into a shaft and drop 3 floors!
 15123 | D:13     | Noticed a skeletal warrior
 15194 | D:11     | Found Erchokk's Gadget Shop.
 15297 | D:11     | Found a runed translucent gate.
 15297 | D:11     | Found a runed translucent gate.
 15297 | D:11     | Found a runed translucent gate.
 15305 | D:11     | Noticed Tux's ghost (journeyman GrVM)
 15306 | D:11     | Noticed KennyOmg's ghost (journeyman MiFi)
 15318 | D:11     | Noticed a two-headed ogre
 15327 | D:11     | Killed a two-headed ogre
 15327 | D:11     | Offered knowledge of Olgreb's Toxic Radiance by Vehumet.
 15333 | D:11     | Learned a level 4 spell: Olgreb's Toxic Radiance
 15449 | D:11     | Reached skill level 13 in Air Magic
 15736 | D:11     | Found a staircase to the Orcish Mines.
 15868 | D:10     | Reached XP level 12. HP: 44/71 MP: 26/26
 16236 | D:10     | Got a bloodstained robe
 16247 | D:10     | Identified the cursed +1 robe of Gunopun {Int+6} (You found
                  | it on level 10 of the Dungeon)
 16270 | D:10     | Reached **** piety under Vehumet
 16835 | D:11     | Offered knowledge of Yara's Violent Unravelling by Vehumet.
 17163 | D:11     | Reached ***** piety under Vehumet
 17163 | D:11     | Offered knowledge of Orb of Destruction by Vehumet.
 17173 | D:11     | Learned a level 7 spell: Orb of Destruction
 18371 | Lair:1   | Entered Level 1 of the Lair of Beasts
 18867 | Lair:1   | Reached skill level 10 in Spellcasting
 19288 | Lair:1   | Reached skill level 14 in Air Magic
 19698 | Lair:2   | Noticed Erica
 19979 | Lair:2   | Killed Erica
 20377 | Lair:2   | Reached XP level 13. HP: 78/78 MP: 18/28
 20835 | Lair:2   | Found a staircase to the Shoals.
 22221 | Lair:3   | Found a hole to the Spider Nest.
 22467 | Lair:3   | Reached skill level 5 in Dodging
 22484 | Lair:3   | Reached skill level 15 in Air Magic
 22484 | Lair:3   | Reached skill level 1 in Poison Magic
 23532 | Lair:4   | Got a brightly glowing leather armour
 23556 | Lair:4   | Identified the cursed +1 leather armour "Leafyump" {rN+++
                  | rCorr Str-5} (You found it on level 4 of the Lair of
                  | Beasts)
 24220 | Lair:5   | You are sucked into a shaft and drop 1 floor!
 24220 | Lair:6   | Entered Level 6 of the Lair of Beasts
 24572 | Lair:6   | Learned a level 6 spell: Conjure Ball Lightning
 24772 | Lair:5   | Offered knowledge of Freezing Cloud by Vehumet.
 25182 | Lair:5   | Reached skill level 15 in Conjurations
 25625 | Lair:5   | Found a staircase to the Slime Pits.
 26018 | Lair:5   | Reached XP level 14. HP: 84/84 MP: 25/30
 26197 | Lair:5   | Found the +8 whip "Snakebite" {curare, rPois}
 28197 | Lair:6   | Reached skill level 16 in Air Magic
 29079 | Orc:1    | Entered Level 1 of the Orcish Mines
 29088 | Orc:1    | Noticed Erolcha
 29093 | Orc:1    | Killed Erolcha
 29418 | Orc:2    | Entered Level 2 of the Orcish Mines
 29501 | Orc:2    | Found a staircase to the Elven Halls.
 30930 | Orc:1    | Found a roughly hewn altar of Beogh.
 31077 | Orc:2    | Noticed Rupert
 31086 | Orc:2    | Paralysed by Rupert for 7 turns
 31091 | Orc:2    | Slain by Rupert

Levels and vault maps discovered:
D:1:      wander_arrival_estate, layout_basic
D:2:      layout_loops_ring, supply_closet_lemuel, uniq_robin
D:3:      layout_loops_ring, first_ration, tgw_xom, uniq_terence
D:4:      layout_basic, old_standard_altar
D:5:      layout_cave_pools, fedhas_altar_1, minmay_temple_entry_mini_moons,
          basic_altar
D:6:      layout_cave_pools, overflow_temple_1_default, uniq_eustachio
D:7:      layout_basic, grunt_temple_overflow_open, ebering_ghost_rock_garden,
          elyvilon_altar_5
D:8:      layout_basic, old_standard_altar, grunt_dithmenos_shadows,
          erik_lair_island, grunt_ogre_cave, minmay_evil_grid, uniq_harold,
          uniq_pikel
D:9:      layout_long_grid, special_room [special_room_bee]
D:10:     layout_stronghold, uniq_psyche
D:11:     layout_gridville, zombieorc2_lemuel, serial_shops, shop,
          gammafunk_ghost_cemetery
D:12:     kb_forest_paths, layout_long_grid, gauntlet_entry_generic,
          grunt_tough_drop, uniq_nergalle
D:13:     layout_irregular_city, skrybe_vaults_entry_preservation, uniq_urug
Temple:   dshaligram_water_room_temple
Lair:1:   layout_chaotic_city, lemuel_fruit_tree, grunt_megastairs_3
Lair:2:   beast_lair_carwin_large_2, layout_regular_city,
          minmay_shoals_entry_beasts, uniq_erica
Lair:3:   layout_loops_ring, spider_nest_entry_a, minivault_24,
          infiniplex_staircase_pool, minmay_lair_oklob_chamber
Lair:4:   wander_river, layout_loops_ring, serial_bayou_shore_b
Lair:5:   minmay_guarded_unrand_snakebite, layout_loops_ring,
          minmay_slime_entry_jelly_boxes, lemuel_fruit_fields
Lair:6:   hangedman_lair_tendril_chambers, layout_gridlike
Orc:1:    layout_caves, kennysheep_orc_chapel, uniq_erolcha
Orc:2:    st_orc_elflike, layout_caves, lemuel_statue_altar, uniq_rupert

Skill      XL: |  1  2  3  4  5  6  7  8  9 10 11 12 13 14 |
---------------+-------------------------------------------+-----
Conjurations   | 2 3 4 5 7 9 10 12 13 15 | 15.8
Fighting       | 1 2 3 4 5 6 7 8 9 |  9.2
Air Magic      | 5 6 7 8 10 11 13 14 15 16 | 16.2
Spellcasting   | 3 4 5 6 8 9 10 11 | 11.9
Shields        | 1 2 3 4 |  4.0
Dodging        | 4 5 6 |  6.7
Poison Magic   | 2 3 |  3.8
Stealth        | |  2.0

Action                   |  1- 3 |  4- 6 |  7- 9 | 10-12 | 13-15 || total
-------------------------+-------+-------+-------+-------+-------++-------
Melee: Unarmed           |     4 |       |       |       |       ||     4
       Kick              |     1 |     3 |     5 |     6 |     4 ||    19
       Short sword       |     4 |    11 |       |       |       ||    15
       Peck              |       |     4 |     1 |     5 |     4 ||    14
       Flail             |       |     6 |    13 |    12 |     8 ||    39
       Staff             |       |       |       |     4 |     1 ||     5
 Cast: Shock             |    71 |   156 |   230 |   267 |     3 ||   727
       Airstrike         |       |       |    35 |   361 |   582 ||   978
       Lightning Bolt    |       |       |     1 |     4 |     5 ||    10
       Conjure Ball Ligh |       |       |       |       |     2 ||     2
 Abil: Fly               |       |     1 |       |       |       ||     1
Evoke: Wand              |       |       |       |     4 |     5 ||     9
  Use: Potion            |     2 |       |       |       |       ||     2
       Scroll            |       |     4 |     3 |     6 |     5 ||    18
 Stab: Sleeping          |       |     1 |       |       |       ||     1
       Paralysed         |       |       |       |     7 |       ||     7
  Eat: Chunk             |     4 |    12 |    13 |    40 |    29 ||    98
       Ration            |       |       |     2 |     4 |     3 ||     9
Armor: Robe              |       |    11 |     6 |       |       ||    17
       Leather armour    |       |       |     8 |    28 |    32 ||    68
Dodge: Dodged            |     9 |    42 |    65 |   111 |   104 ||   331
Block: Other             |       |     8 |     7 |       |       ||    15
       Buckler           |       |       |     9 |   118 |    85 ||   212
       Reflection        |       |       |       |     5 |     1 ||     6

Table legend:
 A = Non-vault XP
 B = Vault XP
 C = Vault XP percentage of total XP
 D = Non-vault monster count
 E = Vault monster count
 F = Vault count percentage of total count
                 A         B        C        D         E       F
            +---------+---------+-------+---------+---------+-------
      Total |   47385 |   27898 |  37.1 |     395 |     178 |  31.1
            +---------+---------+-------+---------+---------+-------
        D:1 |      38 |       0 |   0.0 |      23 |       0 |   0.0
        D:2 |      95 |      34 |  26.4 |      25 |      11 |  30.6
        D:3 |     151 |      69 |  31.4 |      26 |       9 |  25.7
        D:4 |     533 |       0 |   0.0 |      16 |       0 |   0.0
        D:5 |     383 |       0 |   0.0 |      15 |       0 |   0.0
        D:6 |     710 |     208 |  22.7 |      12 |       1 |   7.7
        D:7 |    1577 |     212 |  11.9 |      39 |       3 |   7.1
        D:8 |    2583 |    4256 |  62.2 |      20 |      18 |  47.4
        D:9 |    2090 |    1249 |  37.4 |       9 |      16 |  64.0
       D:10 |    3318 |     454 |  12.0 |      36 |       1 |   2.7
       D:11 |    3839 |     716 |  15.7 |      23 |      36 |  61.0
       D:12 |      43 |       0 |   0.0 |       1 |       0 |   0.0
       D:13 |     527 |       0 |   0.0 |       4 |       0 |   0.0
     Lair:1 |    3489 |    1517 |  30.3 |      15 |       6 |  28.6
     Lair:2 |    5167 |    3295 |  38.9 |      19 |       9 |  32.1
     Lair:3 |    5073 |     828 |  14.0 |      10 |       2 |  16.7
     Lair:4 |    3576 |       0 |   0.0 |      16 |       0 |   0.0
     Lair:5 |    4067 |    1803 |  30.7 |      17 |      24 |  58.5
     Lair:6 |    7156 |   10375 |  59.2 |      22 |      34 |  60.7
      Orc:1 |    1195 |    2879 |  70.7 |      25 |       7 |  21.9
      Orc:2 |    1775 |       3 |   0.2 |      22 |       1 |   4.3
            +---------+---------+-------+---------+---------+-------
